AoeStats
← Convict

Enclosed

506418894Analyzed
1v1 RM · 19d ago on Sep 13, 2026· 66m 31s· 2 players
Game mode
Random Map
Map size
Tiny (2 player)
Population
200
Speed
Normal
Resources
Standard
Victory
Conquest
Starting age
Dark Age
Ending age
Imperial Age
RankedLock teamsTeams togetherTeam positionsShared explorationLock speedFull tech treeHidden civsTurbo modeCheats
Victory
Defeat
🇷🇺 Franks · Russia
508
+16
🇸🇰 Franks · Slovakia
506
-16
Convict
11:21 Loom
13:58 Feudal Age
18:58 Castle Age
17:06 Double-Bit Axe
18:42 Forging
21:08 Bow Saw
21:44 Wheelbarrow
21:49 Scale Barding Armor
21:20 Pikeman
24:02 Hand Cart
25:10 Iron Casting
24:27 Fletching
25:10 Scale Mail Armor
27:27 Gold Mining
27:28 Stone Mining
27:53 Husbandry
30:29 Gold Shaft Mining
31:42 Bodkin Arrow
32:08 Chain Barding Armor
32:03 Chain Mail Armor
32:54 Squires
32:15 Man-at-Arms
32:41 Gambesons
35:37 Imperial Age
32:53 Town Watch
33:32 Ballistics
33:09 Murder Holes
36:47 Long Swordsman
36:48 Halberdier
37:14 Arson
38:26 Chivalry
38:48 Conscription
37:55 Two-Handed Swordsman
39:41 Blast Furnace
39:11 Plate Mail Armor
39:17 Plate Barding Armor
38:43 Padded Archer Armor
39:29 Cavalier
40:50 Paladin
42:54 Siege Engineers
43:52 Chemistry
44:35 Champion
44:42 Elite Skirmisher
48:08 Leather Archer Armor
51:15 Elite Throwing Axeman
52:16 #83
52:42 Hoardings
feedmepls9
8:19 Loom
10:51 Feudal Age
12:08 Wheelbarrow
11:30 Double-Bit Axe
13:21 Gold Mining
16:34 Stone Mining
17:43 Arson
23:11 Castle Age
22:08 Man-at-Arms
28:22 Bow Saw
31:44 Ballistics
31:48 #83
31:33 Husbandry
33:58 Hand Cart
34:03 Forging
33:58 Scale Barding Armor
33:54 Padded Archer Armor
38:59 Imperial Age
40:05 Iron Casting
39:51 Chain Barding Armor
39:22 Fletching
39:48 Leather Archer Armor
39:04 Cavalier
40:56 Conscription
40:51 Chivalry
40:42 Pikeman
41:23 Squires
41:11 Gambesons
42:22 Gold Shaft Mining
43:29 Paladin
44:43 Elite Throwing Axeman
46:01 Halberdier
50:44 Chemistry
50:25 Plate Barding Armor
50:51 Blast Furnace
49:46 Bodkin Arrow
49:53 Scale Mail Armor
58:16 Long Swordsman
61:08 Two-Handed Swordsman
64:08 Champion
64:37 Capped Ram
Connection lost

Rejoining the realm…

Still unreachable

The connection could not be restored.

Session expired

The server has moved on; the page needs a fresh start.